Map: Heavy Artillery LE

Players

LightWisdom

  • Race: Protoss Protoss
  • Spawn Location: 3:00

Keenbo

  • Race: Terran Terran
  • Spawn Location: 1:00

zek - Winner!

  • Race: Protoss Protoss
  • Spawn Location: 7:00

Legalizer - Winner!

  • Race: Zerg Zerg
  • Spawn Location: 7:00

VOD

Have the link to the VOD?

Description

Time

  • Played on: June 18, 2020, 10:39 a.m.
  • Length: 9:33
Show
View Real Time Build Order
Export as new Build Order

LightWisdom Protoss 

Build Orders: 1 Gate Expand 

Get SALT Encoding   

  12  0:01  Probe  
  13  0:13  Probe  
  14  0:20  Pylon  
  14  0:25  Probe  
  15  0:37  Probe  
  15  0:40  Gateway  
  16  0:45  Probe  
  17  0:53  Assimilator  
  17  0:55  Probe  
  18  1:08  Probe  
  19  1:20  Probe  
  20  1:28  Cybernetics Core  
  20  1:39  Nexus  
  20  1:46  Probe  
  21  1:47  Assimilator  
  21  1:58  Probe  
  22  2:04  Warp Gate  
  22  2:10  Probe  
  22  2:15  Pylon  
  23  2:29  Stalker  
  23  2:33  Probe  
  23  2:35  Pylon  
  26  2:45  Probe  
  26  2:47  Forge  
  28  2:51  Probe  
  28  2:53  Stalker  
  28  2:57  Probe  
  29  3:05  Stargate  
  31  3:09  Probe  
  31  3:10  Probe  
  33  3:18  Stargate  
  33  3:27  Probe x2  
  35  3:39  Probe x2  
  37  3:45  Stargate  
  37  3:56  Probe x2  
  38  4:08  Stalker  
  28  4:27  Probe x2  
  29  4:32  Shield Battery  
  29  4:36  Photon Cannon  
  29  4:39  Photon Cannon  
  29  4:41  Pylon  
  29  4:44  Stalker  
  29  4:45  Pylon  
  31  4:47  Void Ray  
  35  5:10  Fleet Beacon  
  35  5:16  Shield Battery  
  35  5:19  Photon Cannon  
  35  5:21  Probe  
  36  5:23  Probe  
  36  5:24  Photon Cannon  
  37  5:35  Void Ray  
  41  5:38  Probe  
  42  5:48  Probe  
  42  5:49  Probe  
  42  5:56  Probe  
  44  5:57  Probe  
  44  6:02  Assimilator  
  46  6:06  Probe x2, Assimilator  
  48  6:13  Unknown  
  48  6:18  Probe x2  
  50  6:19  Void Ray  
  54  6:30  Probe x2  
  56  6:36  Pylon  
  56  6:37  Pylon  
  56  6:40  Pylon  
  56  6:42  Probe x2  
  58  6:54  Probe x2  
  58  6:55  Void Ray  
  64  7:02  Void Ray  
  68  7:20  Nexus  
  68  7:23  Probe x2  
  68  7:29  Pylon  
  70  7:35  Void Ray, Probe  
  70  7:36  Probe  
  76  7:47  Probe  
  76  7:51  Void Ray  
  29  8:34  Probe x3  
  27  8:46  Probe  
  23  8:59  Probe x3  
  26  9:03  Shield Battery  
  26  9:06  Photon Cannon  
  26  9:08  Photon Cannon  
  26  9:11  Probe x3  
Show
View Real Time Build Order
Export as new Build Order

Keenbo Terran 

Build Orders:  

Get SALT Encoding   

  12  0:35  Command Center  
  12  0:46  SCV  
  13  0:57  Supply Depot  
  13  0:58  SCV  
  14  1:16  Refinery, SCV  
  15  1:20  Supply Depot  
  15  1:28  SCV  
  15  1:30  Refinery  
  16  1:51  SCV  
  16  1:53  SCV  
  18  2:04  SCV  
  18  2:05  SCV  
  20  2:16  SCV  
  20  2:17  SCV  
  22  2:24  Barracks  
  22  2:28  SCV  
  22  2:29  SCV  
  24  2:40  SCV  
  24  2:42  SCV  
  26  2:46  Supply Depot  
  26  2:52  SCV  
  26  2:54  SCV  
  28  3:04  SCV  
  29  3:06  SCV  
  29  3:08  Refinery  
  29  3:10  Engineering Bay  
  30  3:13  Refinery  
  30  3:16  SCV  
  30  3:18  SCV  
  32  3:20  Factory  
  32  3:21  Barracks Tech Lab  
  32  3:28  SCV  
  32  3:30  SCV  
  34  3:40  SCV  
  35  3:44  Missile Turret  
  35  3:46  Missile Turret  
  35  3:52  SCV  
  36  4:05  Missile Turret, SCV  
  36  4:07  Factory Tech Lab  
  36  4:09  Missile Turret  
  37  4:15  Ghost Academy  
  37  4:18  SCV  
  38  4:28  Siege Tank  
  38  4:30  Ghost Academy, SCV  
  42  4:42  SCV  
  43  4:46  Ghost Academy  
  43  4:48  Starport  
  43  4:51  Personal Cloaking  
  43  4:54  SCV  
  44  5:00  Siege Tank  
  44  5:07  SCV  
  48  5:13  Nuke  
  48  5:14  Ghost  
  48  5:19  SCV  
  51  5:29  Ghost Academy  
  51  5:32  Ghost Academy  
  51  5:33  Nuke  
  51  5:41  Starport Reactor  
  51  5:42  Starport  
  51  5:43  Ghost  
  53  5:51  Starport  
  53  6:03  Nuke  
  53  6:27  Supply Depot  
  53  6:29  Command Center  
  53  6:30  Nuke, Supply Depot  
  53  6:38  Medivac  
  53  6:59  Ghost, Command Center  
  55  7:04  Starport Reactor  
  55  7:07  Starport Reactor  
  55  7:08  Starport  
  55  7:14  Starport, Nuke  
  55  7:26  Supply Depot  
  55  7:28  Ghost  
  57  7:36  Orbital Command  
  57  7:41  Orbital Command  
  57  7:45  Starport Reactor  
  57  7:50  Viking x2  
  57  7:51  Viking x2  
  65  7:55  Supply Depot  
  65  8:00  Viking  
  65  8:02  Starport Reactor  
  67  8:20  Viking x2  
  71  8:32  Viking  
  62  8:50  Viking  
  48  8:58  Viking x2  
Show
View Real Time Build Order
Export as new Build Order

zek Protoss - Winner!

Build Orders:  

Get SALT Encoding   

  12  0:06  Probe  
  13  0:18  Probe  
  14  0:23  Pylon  
  14  0:31  Probe  
  15  0:44  Gateway  
  15  0:48  Pylon  
  15  0:51  Probe  
  16  0:59  Probe  
  17  1:08  Assimilator, Probe  
  17  1:11  Assimilator  
  18  1:18  Probe  
  19  1:26  Probe  
  20  1:33  Zealot  
  20  1:35  Probe  
  23  1:43  Cybernetics Core  
  23  1:47  Probe  
  24  1:59  Probe  
  24  2:00  Zealot  
  27  2:18  Nexus  
  27  2:24  Pylon  
  27  2:29  Zealot  
  29  2:44  Probe  
  29  2:49  Pylon  
  30  2:53  Probe  
  31  2:58  Pylon  
  31  3:02  Probe  
  32  3:06  Forge  
  32  3:14  Probe  
  33  3:24  Probe  
  34  3:32  Probe  
  34  3:38  Probe  
  34  3:40  Probe  
  35  3:46  Probe  
  37  3:49  Assimilator  
  37  3:51  Assimilator  
  37  3:52  Probe  
  39  3:55  Probe  
  40  4:04  Probe  
  40  4:07  Probe  
  40  4:19  Probe  
  40  4:23  Photon Cannon  
  41  4:24  Probe  
  38  4:31  Stargate  
  38  4:32  Probe  
  38  4:34  Stargate  
  38  4:37  Stargate  
  39  4:41  Stargate  
  39  4:44  Probe, Pylon  
  40  4:47  Pylon  
  40  4:52  Photon Cannon  
  40  4:54  Pylon  
  40  4:56  Probe  
  40  4:58  Photon Cannon  
  41  5:06  Photon Cannon  
  41  5:08  Photon Cannon  
  41  5:10  Probe  
  41  5:11  Photon Cannon  
  42  5:18  Probe  
  42  5:28  Probe  
  43  5:30  Void Ray x2  
  43  5:33  Void Ray  
  56  5:40  Probe  
  56  5:42  Void Ray  
  61  5:51  Photon Cannon  
  61  5:55  Photon Cannon  
  61  6:02  Photon Cannon  
  61  6:12  Void Ray  
  61  6:15  Void Ray  
  69  6:23  Void Ray  
  73  6:33  Pylon  
  73  6:35  Pylon  
  73  6:38  Pylon  
  73  6:44  Void Ray  
  77  6:55  Void Ray  
  77  6:58  Void Ray  
  85  7:07  Void Ray  
  89  7:19  Photon Cannon  
  89  7:35  Void Ray  
  93  8:03  Nexus  
Show
View Real Time Build Order
Export as new Build Order

Legalizer Zerg - Winner!

Build Orders: Pool First 

Get SALT Encoding   

  12  0:20  Spawning Pool  
  11  0:24  Drone  
  11  0:26  Drone  
  13  0:31  Drone  
  13  0:35  Extractor  
  13  0:38  Extractor  
  12  0:46  Overlord  
  12  1:18  Hatchery  
  11  1:30  Drone x2  
  11  1:31  Zergling x2  
  14  1:57  Lair  
  14  2:09  Metabolic Boost  
  14  2:13  Drone  
  15  2:18  Drone  
  16  2:23  Zergling x2  
  17  2:54  Drone x3  
  20  3:01  Spire  
  19  3:12  Queen  
  21  3:20  Drone x2  
  21  3:24  Extractor  
  21  3:25  Extractor  
  21  3:36  Drone x2  
  23  3:42  Drone x2  
  25  4:00  Overlord x2  
  25  4:09  Drone  
  26  4:24  Mutalisk x3  
  32  4:32  Mutalisk  
  32  4:33  Drone  
  32  4:34  Drone  
  37  4:38  Drone x2  
  38  4:49  Zerg Flyer Weapons Level 1  
  38  4:57  Drone x2  
  38  4:59  Overlord  
  40  5:07  Overseer  
  40  5:12  Drone  
  41  5:16  Mutalisk  
  41  5:17  Overlord  
  41  5:19  Drone  
  44  5:33  Mutalisk x2  
  48  5:36  Overlord  
  48  5:45  Drone x2  
  48  5:46  Drone  
  51  5:57  Hatchery  
  50  6:05  Mutalisk x2  
  54  6:18  Drone x3  
  57  6:28  Mutalisk x2  
  61  6:45  Overlord x2  
  61  6:50  Drone x2  
  62  7:09  Mutalisk x2  
  62  7:10  Mutalisk x2  
  62  7:12  Queen  
  62  7:13  Drone  
  73  7:20  Drone x3  
  76  7:25  Drone  
  77  8:51  Mutalisk  
  77  8:52  Mutalisk x5  
  89  9:00  Extractor  
  88  9:04  Extractor  
  88  9:05  Overlord x2  
  88  9:06  Overlord  
Tags
 
Add a new tag
Caveats
  • Supply blocks, unpowered buildings, or Contaminate may cause inaccurate times.
  • Supply counts are checked every 10 seconds.